 Dungeon Crawl Stone Soup version 0.20.1-1-g8b1a95d (webtiles) character file.

4434 Peloso the Blocker (level 10, -14/88 HPs)
             Began as a Deep Dwarf Fighter on Aug 7, 2017.
             Was an Elder of Okawaru.
             Killed from afar by a worker ant (47 damage)
             ... with an exploding inner flame
             ... hexed by the player character
             ... on level 9 of the Dungeon.
             The game lasted 00:20:10 (6470 turns).

Peloso the Blocker (Deep Dwarf Fighter)             Turns: 6470, Time: 00:20:10

Health: -14/88     AC: 16    Str: 30    XL:     10   Next: 14%
Magic:  6/6        EV:  9    Int: 12    God:    Okawaru [****..]
Gold:   286        SH: 12    Dex: 12    Spells: 9/9 levels left

rFire    . . .     SeeInvis .   C - +2 mace of Subterfuge {holy, *Corrode rC- Str+7 Int+3}
rCold    x . .     Gourm    .   c - +0 shield
rNeg     . . .     Faith    .   s - +0 chain mail
rPois    .         Spirit   .   r - +0 helmet
rElec    .         Reflect  .   (no cloak)
rCorr    .         Harm     .   w - +0 pair of gloves
MR       +....                  D - +0 pair of boots
Stlth    ..........             v - amulet of regeneration
Regen    0.0/turn               h - +2 ring of protection
MPRegen  0.1/turn               (no ring)

@: lethally poisoned (-14 -> -17), non-regenerating
A: damage resistance, heal wounds, sense surroundings 2, no regeneration
a: Heal Wounds, Heroism, Renounce Religion


You were on level 9 of the Dungeon.
You worshipped Okawaru.
Okawaru was greatly pleased with you.
You were near starving.

You visited 2 branches of the dungeon, and saw 10 of its levels.

You collected 286 gold pieces.

Inventory:

Hand Weapons
 a - a +0 long sword
 C - the +2 mace of Subterfuge (weapon) {holy, *Corrode rC- Str+7 Int+3}
   (You found it on level 5 of the Dungeon)

   It has been blessed by the Shining One to cause great damage to the undead
   and demons.
   It affects your strength (+7).
   It affects your intelligence (+3).
   It makes you vulnerable to cold.
   It may corrode you when you take damage.
Missiles
 d - 81 bolts
Armour
 b - a +0 scale mail
 c - a +0 shield (worn)
 r - a +0 helmet (worn)
 s - a +0 chain mail (worn)
 w - a +0 pair of gloves (worn)
 D - a +0 pair of boots (worn)
Jewellery
 h - a +2 ring of protection (left hand)
 v - an amulet of regeneration (around neck)
Wands
 g - a wand of lightning (0/15)
 j - a wand of confusion (29/48)
 E - a wand of confusion (29/48)
 N - a wand of lightning (5/15)
Scrolls
 l - 3 scrolls of immolation
 n - 2 scrolls of recharging {unknown}
 o - a scroll of enchant armour {unknown}
 q - 4 scrolls of enchant weapon {unknown}
 t - a scroll of noise {unknown}
 u - 2 scrolls of magic mapping {unknown}
 y - 2 scrolls of fear {unknown}
 z - 2 scrolls of amnesia {unknown}
 A - 2 scrolls of remove curse
 G - a scroll of holy word {unknown}
 J - 2 scrolls of fog {unknown}
 K - 2 scrolls of identify
 L - 2 scrolls of teleportation {unknown}
 O - a scroll of summoning {unknown}
Potions
 e - a potion of agility
 k - 2 potions of invisibility
 m - 2 potions of magic
 B - 2 potions of flight
 F - a potion of berserk rage {unknown}
 H - a potion of curing {unknown}
 I - 3 potions of might
Books
 i - a book of Changes

   Spells                             Type                      Level
   a - Beastly Appendage              Transmutation                1
   b - Sticks to Snakes               Transmutation                2
   c - Spider Form                    Transmutation/Poison         3
   d - Ice Form                       Ice/Transmutation            4
   e - Blade Hands                    Transmutation                5
 P - a Young Poisoner's Handbook

   Spells                             Type                      Level
   a - Sting                          Conjuration/Poison           1
   b - Poisonous Vapours              Poison/Air                   2
   c - Mephitic Cloud                 Conjuration/Poison/Air       3
   d - Olgreb's Toxic Radiance        Poison                       4
   e - Venom Bolt                     Conjuration/Poison           5
Comestibles
 f - 6 bread rations
 p - 4 meat rations
 x - 4 royal jellies
 M - 4 fruits


   Skills:
 + Level 5.2 Fighting
 + Level 6.1 Long Blades
 + Level 7.6 Maces & Flails
 + Level 7.8 Armour
 + Level 2.8 Dodging
 + Level 0.6 Stealth
 + Level 8.4 Shields
 + Level 0.6 Invocations
 + Level 1.3 Evocations


You had 9 spell levels left.
You didn't know any spells.

Dungeon Overview and Level Annotations

Branches:
Dungeon (8/15)             Temple (1/1) D:6
   Lair: D:8-11

Altars:
Ashenzari
Cheibriados
Dithmenos
Elyvilon
Fedhas
Gozag
Hepliaklqana
Kikubaaqudgha
Makhleb
Nemelex Xobeh
Okawaru
Qazlal
Ru
Sif Muna
Trog
Uskayaw
Vehumet
Xom
Yredelemnul
Zin
The Shining One

Shops:
D:6 [


Innate Abilities, Weirdness & Mutations

You are resistant to damage.
You can heal yourself by infusing magical energy.
You passively map the area around you.
You do not regenerate.


Message History

The fiery explosion engulfs the worker ant.
The worker ant explodes!
The fiery explosion engulfs the jelly.
You kill the jelly!
Okawaru accepts your kill.
The fiery explosion engulfs the wyvern.
The wyvern explodes!
The fiery explosion engulfs the killer bee.
The killer bee explodes!
The fiery explosion engulfs the killer bee.
You kill the killer bee!
Okawaru accepts your kill. The fiery explosion engulfs you!
Okawaru accepts your kill.
The fiery explosion engulfs the adder.
You kill the adder!
Okawaru accepts your kill. x2
The fiery explosion engulfs you!
Ouch! That really hurt!
You die...

############
#......§§§§#
#######......§§§@#
....#......[.§§§§#
...............hZ#
.>...............#
.................#
...........W.....#
...>.............#
.................#
.............. ,


You could see a phantom, a hound and a bullfrog zombie (inner flame).

Vanquished Creatures
  2 two-headed ogres (D:8)
  Joseph (D:7)
  A spriggan (D:7)
  A wyvern (D:9)
  An ice beast (D:6)
  3 sky beasts
  2 necrophages
  A phantom (D:8)
  2 ogres
  A centaur (D:5)
  4 bullfrogs
  A wyvern zombie (D:8)
  2 killer bees (D:9)
  2 howler monkeys
  3 wights (D:6)
  4 crimson imps
  A bullfrog zombie (D:7)
  2 jellies
  5 orc priests
  3 hounds
  5 orc wizards
  Natasha (D:2)
  Terence (D:2)
  An iguana (D:6)
  4 worker ants
  2 hound skeletons
  A worker ant zombie (D:5)
  Robin (D:2)
  A howler monkey skeleton (D:5)
  8 adders
  A shadow imp (D:5)
  2 oozes
  2 adder skeletons (D:4)
  2 adder zombies
  2 worms (D:2)
  A dart slug (D:1)
  4 leopard geckos
  24 orcs
  3 giant cockroaches
  19 goblins
  5 hobgoblins (D:1)
  7 jackals
  6 quokkas
  4 frilled lizards
  5 kobolds
  A leopard gecko zombie (D:8)
  A quokka skeleton (D:6)
  5 rats
161 creatures vanquished.

Notes
Turn   | Place    | Note
-------+----------+-------------------------------------------
     0 | D:1      | Peloso the Deep Dwarf Fighter began the quest for the Orb.
     0 | D:1      | Reached XP level 1. HP: 20/20 MP: 1/1
   162 | D:1      | Reached XP level 2. HP: 25/27 MP: 2/2
   933 | D:2      | Reached XP level 3. HP: 24/34 MP: 3/3
  1036 | D:2      | Noticed Natasha
  1047 | D:2      | Killed Natasha
  1157 | D:2      | Noticed Terence
  1167 | D:2      | Killed Terence
  1167 | D:2      | Reached XP level 4. HP: 20/42 MP: 4/4
  1248 | D:2      | Found a basalt altar of Yredelemnul.
  1337 | D:2      | Reached skill level 1 in Dodging
  1517 | D:3      | Noticed Robin
  1532 | D:2      | Killed Robin
  1792 | D:3      | Found an opulent altar of Gozag.
  1835 | D:3      | Reached XP level 5. HP: 17/49 MP: 5/5
  2147 | D:4      | Reached skill level 4 in Shields
  2403 | D:4      | Reached XP level 6. HP: 12/56 MP: 6/6
  2534 | D:4      | Reached skill level 5 in Armour
  2556 | D:4      | Found a shimmering altar of Xom.
  2881 | D:5      | Entered Level 5 of the Dungeon
  3105 | D:5      | Found a sparkling altar of Nemelex Xobeh.
  3116 | D:5      | Reached skill level 5 in Long Blades
  3116 | D:5      | Reached XP level 7. HP: 21/63 MP: 6/6
  3400 | D:5      | Got a scorched mace
  3407 | D:5      | Reached skill level 5 in Shields
  3410 | D:5      | Identified the +2 mace of Subterfuge {holy, *Corrode rC- Str+7 Int+3} (You found it on level 5 of the Dungeon)
  3434 | D:5      | Reached skill level 1 in Evocations
  3599 | D:5      | Reached skill level 1 in Maces & Flails
  3752 | D:6      | Found a staircase to the Ecumenical Temple.
  3759 | Temple   | Entered the Ecumenical Temple
  3921 | Temple   | Became a worshipper of Warmaster Okawaru
  4084 | D:6      | Reached XP level 8. HP: 34/72 MP: 7/7
  4125 | D:6      | Found Momyamm's Antique Armour Shoppe.
  4212 | D:6      | Reached * piety under Okawaru
  4642 | D:6      | Found a blossoming altar of Fedhas.
  5121 | D:7      | Found a burning altar of Makhleb.
  5131 | D:7      | Reached skill level 5 in Maces & Flails
  5264 | D:7      | Noticed Joseph
  5298 | D:7      | Killed Joseph
  5298 | D:7      | Reached ** piety under Okawaru
  5298 | D:7      | Reached skill level 6 in Shields
  5298 | D:7      | Gained mutation: You passively map the area around you. [Deep Dwarf growth]
  5298 | D:7      | Reached XP level 9. HP: 51/79 MP: 6/6
  5690 | D:8      | Noticed a two-headed ogre
  5700 | D:8      | Killed a two-headed ogre
  5700 | D:8      | Reached skill level 5 in Fighting
  5700 | D:8      | Reached skill level 7 in Shields
  5751 | D:8      | Noticed a two-headed ogre
  5764 | D:8      | Killed a two-headed ogre
  5764 | D:8      | Reached *** piety under Okawaru
  5764 | D:8      | Reached skill level 8 in Shields
  5993 | D:8      | Reached XP level 10. HP: 47/88 MP: 7/7
  6024 | D:8      | Found a blossoming altar of Fedhas.
  6418 | D:8      | You fall through a shaft!
  6470 | D:9      | Reached **** piety under Okawaru
  6470 | D:9      | Killed from afar by a worker ant

Skill      XL: |  1  2  3  4  5  6  7  8  9 |
---------------+----------------------------+-----
Fighting       | 3 4 5 |  5.2
Armour         | 4 5 6 7 |  7.8
Dodging        | 1 2 |  2.8
Long Blades    | 3 4 5 6 |  6.1
Shields        | 4 5 6 8 |  8.4
Evocations     | 1 |  1.3
Maces & Flails | 2 5 7 |  7.6
Stealth        | |  0.6
Invocations    | |  0.6

Action                   |  1- 3 |  4- 6 |  7- 9 | 10-12 || total
-------------------------+-------+-------+-------+-------++-------
Melee: Long sword        |    85 |   228 |    62 |       ||   375
       Mace              |       |       |   377 |    54 ||   431
Invok: Heroism           |       |       |     1 |       ||     1
 Abil: Heal Wounds       |       |     2 |     7 |     3 ||    12
Evoke: Wand              |       |     1 |     2 |       ||     3
  Use: Scroll            |       |     5 |     5 |     1 ||    11
       Potion            |       |     1 |     1 |       ||     2
  Eat: Chunk             |       |     8 |    10 |       ||    18
Armor: Scale mail        |    22 |   119 |     7 |       ||   148
       Chain mail        |       |       |   188 |    85 ||   273
Dodge: Dodged            |    28 |    71 |   103 |    80 ||   282
Block: Shield            |    32 |   112 |   233 |   105 ||   482
       Rpst.: Long sword |     7 |    21 |     2 |       ||    30
